 Dungeon Crawl Stone Soup version 0.25-a0-690-g234afa57d4 (webtiles) character file.

Game seed: 14899351456869100245, levelgen mode: deterministic

73 kae the Gusty (level 4, -3/24 HPs)
             Began as a Tengu Air Elementalist on Mar 30, 2020.
             Slain by Sigmund
             ... wielding a +1 scythe of venom
              (13 damage)
             ... on level 3 of the Dungeon.
             The game lasted 00:03:03 (2532 turns).

kae the Gusty (Tengu Air Elementalist)              Turns: 2532, Time: 00:03:04

Health: -3/24      AC:  3    Str:  8    XL:     4   Next: 27%
Magic:  8/8        EV: 12    Int: 17    God:
Gold:   44         SH:  0    Dex: 14    Spells: 4/8 levels left

rFire    + . .     SeeInvis .   h - +0 hand axe
rCold    . . .     Gourm    .   (no shield)
rNeg     + . .     Faith    .   a - +1 robe
rPois    .         Spirit   .   (helmet restricted)
rElec    .         Reflect  .   (no cloak)
rCorr    .         Harm     .   (no gloves)
MR       .....                  (boots unavailable)
Stlth    +.........             (no amulet)
HPRegen  0.08/turn              b - ring of protection from fire
MPRegen  0.11/turn              d - ring of positive energy

@: confused, mighty, lethally poisoned (-3 -> -27)
A: beak, talons 3
a: no special abilities


You were on level 3 of the Dungeon.
You were not hungry.

You visited 1 branch of the dungeon, and saw 3 of its levels.

You collected 44 gold pieces.

Inventory:

Hand Weapons
 h - a +0 hand axe (weapon)
Armour
 a - a +1 robe (worn)
Jewellery
 b - a ring of protection from fire (left hand)
 d - a ring of positive energy (right hand)
 m - an uncursed ring of resist corrosion
Potions
 e - a potion of might
 n - 2 potions of invisibility
 p - a potion of cancellation
Comestibles
 c - 3 rations


   Skills:
 - Level 2.1 Dodging
 - Level 2.0 Stealth
 + Level 2.6 Spellcasting
 * Level 3.9 Conjurations
 + Level 4.7 Air Magic


You had 4 spell levels left.
You knew the following spells:

 Your Spells              Type           Power        Failure   Level  Hunger
a - Shock                 Conj/Air       ###.         3%          1    #......
b - Static Discharge      Conj/Air       ###.....     9%          3    ###....

Your spell library contained the following spells:

 Spells                   Type           Power        Failure   Level  Hunger
 Swiftness                Chrm/Air       ##......     11%         2    ##.....
 Airstrike                Air            ###.......   26%         4    #####..
 Lightning Bolt           Conj/Air       ###.......   63%         5    ######.


Dungeon Overview and Level Annotations

Branches:
Dungeon (3/15)

Altars:

Annotations:
D:3 Sigmund


Innate Abilities, Weirdness & Mutations

You have a beak for a mouth.
You have claws for feet.


Message History

You are confused.
You hear some strange, mumbled words.
A puff of flame appears from out of thin air!
The puff of flame misses you.
You are more confused.
You feel invigorated.
You feel sick. Something hits you!
* * * LOW HITPOINT WARNING * * *
You are more poisoned.
You bump into the rock wall.
* * * LOW HITPOINT WARNING * * *
You feel sick.
You barely miss something.
* * * LOW HITPOINT WARNING * * *
You feel very sick. Something barely misses you.
You closely miss something.
You feel very sick. Something hits you!
Ouch! That really hurt!
You die...

####################...####.....#
.....................<..........#
############################....#
#.........,,,,,,,.....,,,,,......
#.###.####*******#@#.############
#.###.# #.........* ......#
#.........*
#.################.........******
.>..............@{.........+,,,,,
##################.........******
#....# #.........* * #...(#
#.#.######* * #....# #.#.# #....#
#.#.# #....#######.#.#
########'#.........#.#
...รท......##########.#


There were no monsters in sight!

Vanquished Creatures
  2 adders (D:3)
  A worm (D:2)
  A dart slug (D:1)
  2 leopard geckos (D:1)
  A ball python (D:2)
  8 bats
  A giant cockroach (D:2)
  7 goblins
  7 hobgoblins
  2 quokkas
  2 frilled lizards
  5 kobolds
  7 rats
46 creatures vanquished.

Notes
Turn   | Place    | Note
-------+----------+-------------------------------------------
     0 | D:1      | kae the Tengu Air Elementalist began the quest for the Orb.
     0 | D:1      | Reached XP level 1. HP: 10/10 MP: 4/4
    60 | D:1      | Reached XP level 2. HP: 13/15 MP: 1/6
   604 | D:1      | Reached XP level 3. HP: 14/19 MP: 2/7
   655 | D:1      | Learned a level 3 spell: Static Discharge
  1544 | D:2      | Found a faded altar of an unknown god,
  1873 | D:3      | Reached XP level 4. HP: 5/24 MP: 1/8
  2128 | D:3      | Noticed Sigmund
  2529 | D:3      | HP: 1/24 [something (9)]
  2532 | D:3      | Slain by Sigmund

Levels and vault maps discovered:
D:1:      arrival_zaba_pyramid, layout_rooms, st_stairs_13
D:2:      layout_loops_corners, chequers_ecumenical_altar_island
D:3:      layout_basic, uniq_sigmund

Skill      XL: |  1  2  3 |
---------------+----------+-----
Conjurations   | 2 3 |  3.9
Dodging        | |  2.1
Stealth        | |  2.0
Spellcasting   | |  2.6
Air Magic      | |  4.7

Action                   |  1- 3 |  4- 6 || total
-------------------------+-------+-------++-------
Melee: Unarmed           |    13 |       ||    13
       Kick              |     5 |     3 ||     8
       Peck              |     1 |     1 ||     2
       Hand axe          |     5 |    21 ||    26
 Cast: Shock             |    77 |     8 ||    85
       Static Discharge  |     1 |       ||     1
  Use: Scroll            |     7 |       ||     7
       Potion            |       |     5 ||     5
 Stab: Sleeping          |       |     1 ||     1
  Eat: Chunk             |     3 |     3 ||     6
Armor: Robe              |     5 |     4 ||     9
Dodge: Dodged            |    18 |    16 ||    34

Table legend:
 A = Non-vault XP
 B = Vault XP
 C = Vault XP percentage of total XP
 D = Non-vault monster count
 E = Vault monster count
 F = Vault count percentage of total count
                 A         B        C        D         E       F
            +---------+---------+-------+---------+---------+-------
      Total |     103 |       2 |   1.9 |      45 |       1 |   2.2
            +---------+---------+-------+---------+---------+-------
        D:1 |      39 |       2 |   4.9 |      21 |       1 |   4.5
        D:2 |      25 |       0 |   0.0 |      15 |       0 |   0.0
        D:3 |      39 |       0 |   0.0 |       9 |       0 |   0.0
            +---------+---------+-------+---------+---------+-------
